 Dungeon Crawl Stone Soup version 0.31-a0-229-g1fc7ce93e2 (webtiles) character file.

Game seed: 13091051313354174232

51 qw the Shooter (level 3, -3/29 HPs)
             Began as a Minotaur Hexslinger on July 6, 2023.
             Killed from afar by Natasha (4 damage)
             ... with a magic dart
             ... on level 2 of the Dungeon.
             The game lasted 00:00:21 (1498 turns).

qw the Shooter (Minotaur Hexslinger)                Turns: 1498, Time: 00:00:22

Health: -3/29      AC:  3    Str: 12    XL:     3   Next: 57%
Magic:  3/3        EV: 12    Int: 10    God:
Gold:   7          SH:  0    Dex: 14    Spells: 3/4 levels left

rFire   . . .        Y - +1 sling
rCold   . . .        (no shield)
rNeg    . . .        c - +0 robe
rPois   .            (helmet restricted)
rElec   .            (no cloak)
rCorr   .            h - +0 pair of gloves
SInv    .            (no boots)
Will    .....        (no amulet)
Stlth   +            (no ring)
HPRegen 0.24/turn    (no ring)
MPRegen 0.08/turn

%: no passive effects
@: slowed, very slow
A: horns 2, retaliatory headbutt
a: no special abilities


You were on level 2 of the Dungeon.
You visited 1 branch of the dungeon, and saw 2 of its levels.

You collected 7 gold pieces.


Innate Abilities, Weirdness & Mutations

You have a pair of horns on your head.
You reflexively headbutt those who attack you in melee.


   Skills:
 - Level 2.0 Fighting
 + Level 4.1 Ranged Weapons
 - Level 2.1 Dodging
 - Level 1.0 Spellcasting
 - Level 2.0 Hexes


You had 3 spell levels left.
You knew the following spells:

 Your Spells              Type           Power      Damage    Failure   Level
a - Slow                  Hex            16%        N/A       16%         1

Your spell library contained the following spells:

 Spells                   Type           Power      Damage    Failure   Level
 Inner Flame              Hex/Fire       2%         N/A       56%         3
 Portal Projectile        Hex/Tloc       4%         N/A       56%         3
 Cause Fear               Hex            2%         N/A       83%         4

Inventory:

Hand Weapons
 Y - a +1 sling (weapon)
Armour
 b - a +0 leather armour
 c - a +0 robe (worn)
 h - a +0 pair of gloves (worn)
Scrolls
 e - a scroll of teleportation {unknown}
Potions
 a - 2 potions of enlightenment {unknown}
 d - a potion of mutation {unknown}

Dungeon Overview and Level Annotations

Branches:
Dungeon (2/15)

Altars:

Shops:
D:2 *

Annotations:
D:2 Natasha


Message History

The sling bullet closely misses the cerulean imp.
The cerulean imp hits you but does no damage.
You shoot a sling bullet. The sling bullet hits the cerulean imp.
The cerulean imp is almost dead.
The cerulean imp hits you but does no damage.
The cerulean imp hits you from afar with a +2 spear.
You shoot a sling bullet. The sling bullet hits the cerulean imp.
The cerulean imp is almost dead.
The cerulean imp misses you.
You shoot a sling bullet. The sling bullet hits the cerulean imp.
You kill the cerulean imp!
The cerulean imp disappears in a puff of smoke!
You shoot a sling bullet.
The sling bullet closely misses Natasha.
Natasha casts a spell at you.
You feel yourself slow down.
You shoot a sling bullet. The sling bullet barely misses Natasha.
The sling bullet hits the rat!
You kill the rat!
Natasha claws you but does no damage. Natasha barely misses you.
You shoot a sling bullet.
The sling bullet closely misses Natasha.
Natasha mumbles some strange words.
Natasha barely misses you.
You shoot a sling bullet. The sling bullet hits Natasha!
Natasha is heavily wounded.
Natasha misses you.
The cerulean imp hits you but does no damage.
You shoot a sling bullet. The sling bullet hits Natasha.
Natasha is severely wounded.
Natasha misses you.
The cerulean imp hits you from afar with a +2 spear.
Natasha zaps a wand.
The puff of flame hits you.
The cerulean imp hits you from afar with a +2 spear.
You shoot a sling bullet.
The sling bullet closely misses Natasha.
Natasha claws you! The cerulean imp closely misses you.
Natasha stares at you and mumbles some strange words.
The magic dart hits you.
You die...

#########
.......####
########..).....####
#%h@..............).
#5######........###%
#ยค #........# #. hr
#........# #. ...
#...<....# ## .##.
#..%..>..#### .# ..
#........+.). .# ##
#...........###.
#......#.#### #.


You could see Natasha and a cerulean imp (summoned).

Vanquished Creatures
  Jessica (D:2)
  A dart slug (D:1)
  2 bats (D:1)
  2 endoplasms (D:1)
  2 giant cockroaches (D:2)
  2 goblins
  A hobgoblin (D:1)
  2 kobolds (D:1)
  5 ball pythons
  5 rats
23 creatures vanquished.

Notes
Turn   | Place    | Note
-------+----------+-------------------------------------------
     0 | D:1      | qw the Minotaur Hexslinger began the quest for the Orb.
     0 | D:1      | Reached XP level 1. HP: 16/16 MP: 1/1
     0 | D:1      | 0 ||| qw: Version: 0.3-a-46-gb1f654a
     0 | D:1      | 0 ||| qw: Game counter: 1353
     0 | D:1      | 0 ||| qw: Melee chars always use a shield: true
     0 | D:1      | 0 ||| qw: God list: Okawaru
     0 | D:1      | 0 ||| qw: Allow faded altars: false
     0 | D:1      | 0 ||| qw: Do Orc after clearing Dungeon:15 true
     0 | D:1      | 0 ||| qw: Do second Lair branch before Depths: true
     0 | D:1      | 0 ||| qw: Lair rune preference: random
     0 | D:1      | 0 ||| qw: Goals: Normal
     0 | D:1      | 0 ||| PLANNING D:1-11
   623 | D:1      | Reached skill level 3 in Ranged Weapons
   623 | D:1      | Reached XP level 2. HP: 23/23 MP: 2/2
  1200 | D:1      | 1200 ||| UPGRADING to +0 pair of gloves.
  1205 | D:1      | 1205 ||| READING 2 scrolls labelled TUUPHA FUSONEEC.
  1206 | D:1      | 1206 ||| READING scroll labelled IRUSEL QOLO.
  1207 | D:1      | 1207 ||| READING scroll labelled OWNIUT WUKAER.
  1252 | D:1      | 1252 ||| DROPPING scroll of immolation.
  1253 | D:1      | 1253 ||| DROPPING scroll of poison.
  1326 | D:2      | Noticed Jessica
  1335 | D:2      | Killed Jessica
  1336 | D:2      | Reached skill level 4 in Ranged Weapons
  1336 | D:2      | Reached XP level 3. HP: 20/29 MP: 3/3
  1425 | D:2      | Found Xetsieg's Assorted Antiques.
  1434 | D:2      | 1434 ||| SHOPLISTING 2 scrolls labelled NEPPITUNKE (52
                  | gold, have 7).
  1434 | D:2      | 1434 ||| SHOPLISTING fuming puce potion (23 gold, have 7).
  1434 | D:2      | 1434 ||| SHOPLISTING runed leather armour (130 gold, have
                  | 7).
  1434 | D:2      | 1434 ||| SHOPLISTING scroll labelled DOAVOHIEVE (26 gold,
                  | have 7).
  1434 | D:2      | 1434 ||| SHOPLISTING scroll labelled SIYJOM VERUKI (26
                  | gold, have 7).
  1481 | D:2      | Noticed Natasha
  1482 | D:2      | 1482 ||| Stepping ~*~*~tactically~*~*~ (outnumbered).
  1485 | D:2      | 1485 ||| Stepping ~*~*~tactically~*~*~ (outnumbered).
  1497 | D:2      | HP: 7/29 [cerulean imp/+2 spear[Natasha] (6)]
  1498 | D:2      | HP: 1/29 [Natasha (7)]
  1498 | D:2      | Killed from afar by Natasha

Levels and vault maps discovered:
D:1:      matt_arrival_spirals, layout_basic, serial_corexii_hall,
          chequers_hall_statues_corner_a, corexii_hall_statues_i,
          corexii_hall_statues_i
D:2:      layout_basic, serial_shops, shop, nicolae_square_shop, shop,
          uniq_natasha, uniq_robin, uniq_jessica, uniq_crazy_yiuf_cottage

Skill      XL: |  1  2 |
---------------+-------+-----
Ranged Weapons | 3 4 |  4.1
Fighting       | 2 |  2.0
Dodging        | |  2.1
Spellcasting   | |  1.0
Hexes          | |  2.0

Action                     || total
---------------------------++-------
   Fire: Sling             ||    77
    Use: Scroll            ||     3
 Armour: Robe              ||    10
  Dodge: Dodged            ||    24

Table legend:
 A = Non-vault XP
 B = Vault XP
 C = Vault XP percentage of total XP
 D = Non-vault monster count
 E = Vault monster count
 F = Vault count percentage of total count
                 A         B        C        D         E       F
            +---------+---------+-------+---------+---------+-------
      Total |      36 |      37 |  50.7 |      22 |       1 |   4.3
            +---------+---------+-------+---------+---------+-------
        D:1 |      23 |       0 |   0.0 |      13 |       0 |   0.0
        D:2 |      13 |      37 |  74.0 |       9 |       1 |  10.0
            +---------+---------+-------+---------+---------+-------
